 Dungeon Crawl Stone Soup version 0.19-a0-1035-gdbfb0c6 (webtiles) character file.

7535 HAL9000 the Slicer (level 11, 0/60 HPs)
             Began as a Vine Stalker Enchanter on July 29, 2016.
             Was a Believer of Dithmenos.
             Slain by an unseen horror (2 damage)
             ... on level 10 of the Dungeon.
             The game lasted 00:33:51 (8559 turns).

HAL9000 the Slicer (Vine Stalker Enchanter)         Turns: 8559, Time: 00:33:51

Health: 0/60       AC:  8    Str: 14    XL:     11   Next: 16%
Magic:  0/15       EV: 13    Int: 19    God:    Dithmenos [**....]
Gold:   503        SH:  0    Dex: 18    Spells: 3 memorised, 8 levels left

rFire  . . .     SeeInvis .     K - +0 rapier (freeze)
rCold  . . .     Gourm    .     b - +1 robe
rNeg   + . .     Faith    .     (no shield)
rPois  .         Spirit   +     L - +0 helmet
rElec  .         Dismiss  .     D - +2 cloak
rCorr  .         Reflect  .     F - +0 pair of gloves
SustAt +         Harm     .     (no boots)
MR     +....                    (no amulet)
Stlth  ++++......               W - ring of Qiocwami {*Confuse rN+ Int+4 Dex+3 Slay+2}
                                Y - ring of sustain attributes

@: lethally poisoned (0 -> -1), very slightly contaminated, wreathed by umbra,
somewhat resistant to hostile enchantments, stealthy
A: fangs 3, regeneration 2, magic shield, antimagic bite, no device heal 3, rot
immunity
a: Shadow Step, Renounce Religion


You were on level 10 of the Dungeon.
You worshipped Dithmenos.
Dithmenos was pleased with you.
You were hungry.

You visited 2 branches of the dungeon, and saw 11 of its levels.
You also visited: Sewer.

You collected 503 gold pieces.

Inventory:

Hand Weapons
 q - a +1 short sword of protection
 K - a +0 rapier of freezing (weapon)
Armour
 b - a +1 robe (worn)
 D - a +2 cloak (worn)
 F - a +0 pair of gloves (worn)
 L - a +0 helmet (worn)
Jewellery
 e - an uncursed ring of poison resistance
 s - an uncursed ring of protection from magic
 y - an uncursed ring of see invisible
 Q - an uncursed ring of magical power
 V - an uncursed ring of protection from fire
 W - the ring of Qiocwami (right hand) {*Confuse rN+ Int+4 Dex+3 Slay+2}
   (You found it on level 7 of the Dungeon)

   [ring of intelligence]

   It affects your intelligence (+4).
   It affects your dexterity (+3).
   It affects your accuracy and damage with ranged weapons and melee attacks
   (+2).
   It protects you from negative energy.
   It may confuse you when you take damage.
 Y - a ring of sustain attributes (left hand)
Wands
 v - a wand of paralysis (5/24)
 B - a wand of lightning (3/15)
 N - a wand of digging (10/24)
 X - a wand of slowing (21/48)
Scrolls
 g - 3 scrolls of enchant armour
 i - 2 scrolls of amnesia
 k - 3 scrolls of remove curse
 r - 2 scrolls of enchant weapon {unknown}
 x - 3 scrolls of teleportation
 J - a scroll of noise {unknown}
 M - 2 scrolls of random uselessness {unknown}
 T - a scroll of blinking {unknown}
 U - a scroll of immolation {unknown}
 Z - a scroll of recharging {unknown}
Potions
 j - 3 potions of might
 m - 4 potions of flight
 u - a potion of brilliance {unknown}
 z - 2 potions of agility
 E - a potion of ambrosia {unknown}
 H - 3 potions of magic
 I - 2 potions of invisibility
 O - 4 potions of curing
 R - a potion of cure mutation {unknown}
Books
 c - a book of Maledictions

   Spells                             Type                      Level
   a - Corona                         Hexes                        1
   b - Ensorcelled Hibernation        Hexes/Ice                    2
   c - Confuse                        Hexes                        3
   d - Tukima's Dance                 Hexes                        3
   e - Dazzling Spray                 Conjuration/Hexes            3
 S - a book of the Tempests

   Spells                             Type                      Level
   a - Static Discharge               Conjuration/Air              3
   b - Lightning Bolt                 Conjuration/Air              5
   c - Fireball                       Conjuration/Fire             5
   d - Tornado                        Air                          9
   e - Shatter                        Earth                        9
Comestibles
 d - 7 bread rations
 n - 4 meat rations
 o - a slice of pizza
 A - 7 beef jerkies
 G - 9 royal jellies
 P - 11 fruits


   Skills:
 + Level 8.2 Fighting
 * Level 11.6 Short Blades
 + Level 2.5 Dodging
 + Level 4.5 Stealth
 - Level 2.1 Spellcasting
 - Level 6.2 Hexes


You had 8 spell levels left.
You knew the following spells:

 Your Spells              Type           Power        Failure   Level  Hunger
a - Corona                Hex            ####...      1%          1    #......
x - Confuse               Hex            ####....     4%          3    ###....
z - Ensorcelled Hibernat  Hex/Ice        ##....       10%         2    ##.....


Dungeon Overview and Level Annotations

Branches:
Dungeon (10/15)            Temple (1/1) D:4            Lair (0/6) D:10
    Orc: D:9-12

Altars:
Ashenzari
Cheibriados
Dithmenos
Elyvilon
Fedhas
Gozag
Hepliaklqana
Kikubaaqudgha
Makhleb
Nemelex Xobeh
Okawaru
Pakellas
Qazlal
Ru
Sif Muna
Trog
Uskayaw
Vehumet
Xom
Yredelemnul
Zin
The Shining One

Shops:
D:10 *


Innate Abilities, Weirdness & Mutations

You have razor-sharp teeth.
You heal very quickly.
When hurt, damage is shared between your health and your magic reserves.
Your bite disrupts and absorbs the magic of your enemies.
Potions and wands cannot restore your health.
You are immune to rotting.


Message History

You are feeling hungry.
Something hits you but does no damage.
Unknown command.
The helpless giant frog fails to defend itself.
You spit the giant frog like a pig!!!
The giant frog seems to slow down.
You freeze the giant frog!
You kill the giant frog!
Dithmenos accepts your kill. Something hits you.
* * * LOW HITPOINT WARNING * * *
You feel sick. Something hits you!
* * * LOW HITPOINT WARNING * * *
There is a stone staircase leading up, spattered with blood here.
Something hits you but does no damage.
Items here: ) ? [ † a scroll of teleportation; a robe; a dagger; a killer bee corpse You start resting.
Something hits you.
* * * LOW HITPOINT WARNING * * *
Something hits you.
You die...

,,,,,**,*,,,,,,,...$..........###
,,,,,**,*.....(..................
,******,*.............[..........
,* *,*..........[...##..###... ,*
*,*.?.......<.......## #### **
*,*.............#.###
*******,*...............*
,,,,,,,,,"...%..........**
*******,**#.....@|....#.,* **** *
***,**#..#..<.......,*****,,,
*****,,,,,,**##.....####,*,,,,,,,
,,,,,,,,,,,*#.........#*,,,,,,,,,
***,,,,,,,,#...........#,,,,,,,,,
,**,,,,,,............P..,,,,,,,,,
,,,,,,,,,....?...>......,,,,,,,,,
***,,,,,,.....P....!....*,,,,,,,,
,**,,,,,,..#.......P...#**,,,,,,,


There were no monsters in sight!

Vanquished Creatures
  Erolcha (D:9)
  A troll (D:9)
  Prince Ribbit (D:8)
  Grinder (D:3)
  Sigmund (D:5)
  Eustachio (D:5)
  2 wargs (D:9)
  Menkaure (D:6)
  Edmund (D:5)
  A soldier ant (D:9)
  2 orc warriors
  An ice beast (D:5)
  4 phantoms
  5 wasps (D:9)
  A black bear (D:8)
  2 sky beasts
  A necrophage (D:7)
  6 ogres
  6 centaurs
  6 giant frogs
  A big kobold (Sewer)
  A wyvern zombie (D:7)
  A water moccasin zombie (D:5)
  3 scorpions
  10 killer bees
  4 crimson imps
  2 giant frog zombies
  A quasit (D:8)
  2 hounds
  A jelly (D:5)
  2 centaur skeletons
  4 giant frog skeletons
  2 orc priests (D:7)
  5 orc wizards
  A wasp zombie (D:9)
  Jessica (D:3)
  Ijyb (D:3)
  3 iguanas
  Natasha (D:3)
  5 worker ants
  A hound skeleton (D:7)
  A hound zombie (D:5)
  33 gnolls (D:5)
  A howler monkey skeleton (D:8)
  A howler monkey zombie (D:7)
  5 adders
  2 river rats (D:6)
  A shadow imp (D:8)
  3 adder zombies
  An ooze (D:1)
  3 adder skeletons
  2 worms
  A dart slug (D:5)
  8 giant geckos
  22 orcs
  7 bats
  6 giant cockroaches
  6 hobgoblins
  19 jackals
  2 quokkas
  A ball python (D:1)
  A giant gecko skeleton (D:7)
  6 giant newts
  4 goblins
  10 kobolds
  15 rats
  A plant (D:5)
259 creatures vanquished.

Notes
Turn   | Place    | Note
-------+----------+-------------------------------------------
     0 | D:1      | HAL9000 the Vine Stalker Enchanter began the quest for the Orb.
     0 | D:1      | Reached XP level 1. HP: 9/9 MP: 4/4
    24 | D:1      | Reached skill level 1 in Short Blades
   103 | D:1      | Reached skill level 1 in Fighting
   115 | D:1      | Reached XP level 2. HP: 14/14 MP: 6/6
   584 | D:1      | Found a glowing golden altar of the Shining One.
   631 | D:1      | Reached XP level 3. HP: 18/18 MP: 7/7
   647 | D:1      | Learned a level 2 spell: Ensorcelled Hibernation
   651 | D:1      | Learned a level 3 spell: Confuse
   876 | D:2      | Reached skill level 2 in Short Blades
  1475 | D:3      | Noticed Ijyb
  1476 | D:3      | Paralysed by Ijyb for 5 turns
  1494 | D:3      | Paralysed by Ijyb for 7 turns
  1508 | D:3      | Paralysed by Ijyb for 4 turns
  1530 | D:3      | Paralysed by Ijyb for 5 turns
  1537 | D:3      | Killed Ijyb
  1537 | D:3      | Reached XP level 4. HP: 22/23 MP: 3/8
  1614 | D:3      | Noticed Natasha
  1774 | D:3      | Noticed Jessica
  1784 | D:3      | Killed Jessica
  1784 | D:3      | Reached skill level 3 in Short Blades
  1787 | D:3      | Reached XP level 5. HP: 25/27 MP: 7/9
  1864 | D:3      | Noticed Grinder
  1903 | D:3      | Killed Grinder
  1903 | D:3      | Reached skill level 4 in Short Blades
  1903 | D:3      | Gained mutation: You heal very quickly. [Vine Stalker growth]
  1903 | D:3      | Reached XP level 6. HP: 22/32 MP: 10/10
  1943 | D:3      | Killed Natasha
  2071 | D:4      | Found a sacrificial altar of Ru.
  2075 | D:4      | Found a staircase to the Ecumenical Temple.
  2092 | D:4      | Reached skill level 5 in Short Blades
  2106 | Temple   | Entered the Ecumenical Temple
  2395 | D:4      | Reached XP level 7. HP: 35/36 MP: 8/11
  2971 | D:5      | Entered Level 5 of the Dungeon
  3168 | D:5      | Reached skill level 6 in Short Blades
  3215 | D:5      | Noticed Eustachio
  3258 | D:5      | Gained mutation: You have razor-sharp teeth. [Vine Stalker growth]
  3258 | D:5      | Reached XP level 8. HP: 35/42 MP: 12/12
  3290 | D:5      | Killed Eustachio
  3357 | D:5      | Reached skill level 7 in Short Blades
  3656 | D:5      | Found a shimmering altar of Xom.
  3662 | D:5      | Noticed Sigmund
  3668 | D:5      | Noticed Edmund
  3676 | D:5      | Killed Sigmund
  3676 | D:5      | Reached skill level 5 in Fighting
  3692 | D:5      | Killed Edmund
  3692 | D:5      | Reached skill level 8 in Short Blades
  4026 | D:5      | Reached XP level 9. HP: 29/48 MP: 10/13
  4115 | D:5      | Noticed a two-headed ogre
  4878 | D:6      | Found a glowing drain.
  4888 | D:6      | Reached skill level 9 in Short Blades
  4912 | Sewer    | Entered a sewer
  5013 | Sewer    | Found a white marble altar of Elyvilon.
  5298 | D:6      | Identified a +1 rod of ignition (14/14) (You found it on level 6 of the Dungeon)
  5315 | D:6      | Found a glowing golden altar of the Shining One.
  5317 | D:6      | Noticed an angel
  5431 | D:6      | Noticed Menkaure
  5440 | D:6      | Killed Menkaure
  5501 | D:6      | Found a basalt altar of Yredelemnul.
  5503 | D:6      | Noticed a profane servitor
  5538 | D:6      | Found a shattered altar of Ashenzari.
  5722 | D:7      | Found a burning altar of Makhleb.
  5722 | D:7      | Found a glowing silver altar of Zin.
  5723 | D:7      | Noticed an angel
  5723 | D:7      | Noticed a cacodemon
  5795 | D:7      | Found a shadowy altar of Dithmenos.
  5796 | D:7      | Found a radiant altar of Vehumet.
  5799 | D:7      | Found a bloodstained altar of Trog.
  5809 | D:7      | Became a worshipper of Dithmenos the Shadowed
  5878 | D:7      | Got an ancient lead ring
  5880 | D:7      | Identified the ring of Qiocwami {*Confuse rN+ Int+4 Dex+3 Slay+2} (You found it on level 7 of the Dungeon)
  5967 | D:7      | Reached XP level 10. HP: 53/53 MP: 14/14
  6251 | D:7      | Found an iron altar of Okawaru.
  6251 | D:7      | Found a sparkling altar of Nemelex Xobeh.
  6252 | D:7      | Found a deep blue altar of Sif Muna.
  6649 | D:8      | Reached skill level 10 in Short Blades
  6655 | D:8      | Reached skill level 5 in Hexes
  6696 | D:8      | Reached * piety under Dithmenos
  6755 | D:8      | Found a snail-covered altar of Cheibriados.
  6755 | D:8      | Noticed Prince Ribbit
  6772 | D:8      | Killed Prince Ribbit
  7891 | D:9      | Noticed Erolcha
  7902 | D:9      | Killed Erolcha
  7902 | D:9      | Reached skill level 11 in Short Blades
  8035 | D:9      | Noticed Maurice
  8057 | D:9      | Reached XP level 11. HP: 60/60 MP: 15/15
  8160 | D:10     | Entered Level 10 of the Dungeon
  8160 | D:10     | Found a staircase to the Lair.
  8228 | D:9      | Reached ** piety under Dithmenos
  8363 | D:10     | Found Naqub's General Store.
  8559 | D:10     | HP: 2/60 [something (3)]
  8559 | D:10     | Slain by an unseen horror

Vault maps used:
D:1:      eino_arrival_cavern_b, tso_altar
D:2:      dk_noncrumbling_2
D:3:      st_stairs_4, uniq_grinder, uniq_natasha, uniq_jessica, uniq_iyjb
D:4:      lemuel_doored_altar
D:5:      lemuel_castle_with_subvaults, basic_altar, first_bread,
          uniq_eustachio, uniq_sigmund, uniq_edmund
D:6:      grunt_temple_overflow_holy_war, evilmike_ruin_ashenzari,
          portal_sewer_entry_b, nicolae_wand_duel, minmay_misc_feat_roman,
          uniq_menkaure
D:7:      grunt_temple_overflow_order_and_chaos_2, grunt_temple_overflow_open,
          gammafunk_temple_overflow_claw
D:8:      cheibriados_altar_1, uniq_prince_ribbit1
D:9:      hangedman_pestilent_swarm, uniq_erolcha, uniq_maurice
D:10:     erik_lair_orcish_takeover, serial_shops, nicolae_shop_trees,
          minivault_16, uniq_snorg, uniq_joseph, uniq_urug
Temple:   compressed_dpeg_triangle_lava_temple
Sewer:    sewer_kobolds

Skill      XL: |  1  2  3  4  5  6  7  8  9 10 11 |
---------------+----------------------------------+-----
Short Blades   | 1 2 3 4 5 6 8 9 11 | 11.6
Fighting       | 1 2 3 4 5 6 8 |  8.2
Hexes          | 4 6 |  6.2
Dodging        | 2 |  2.5
Stealth        | 4 |  4.5
Spellcasting   | |  2.1

Action                   |  1- 3 |  4- 6 |  7- 9 | 10-12 || total
-------------------------+-------+-------+-------+-------++-------
Melee: Dagger            |    73 |       |       |       ||    73
       Bite              |    24 |    28 |   147 |    55 ||   254
       Short sword       |    65 |    82 |   201 |       ||   348
       Rapier            |       |       |   325 |   177 ||   502
 Cast: Confuse           |     2 |     2 |    12 |     8 ||    24
       Ensorcelled Hiber |       |     2 |    28 |    26 ||    56
Evoke: Rod               |       |       |     2 |       ||     2
       Wand              |       |       |       |     1 ||     1
  Use: Scroll            |       |       |     9 |     5 ||    14
 Stab: Sleeping          |     7 |     7 |    20 |    22 ||    56
       Confused          |     1 |     1 |     1 |     7 ||    10
       Distracted        |       |       |     1 |     1 ||     2
  Eat: Chunk             |     2 |     3 |    16 |    12 ||    33
Armor: Robe              |    52 |    18 |   144 |    42 ||   256
Dodge: Dodged            |    89 |    47 |   237 |   142 ||   515
